TOP OF THE 1ST |
El Paso Chihuahuas batting - Pitching for Las Vegas 51s : RHP Andy Reinhardt
|
Pitching: RHP Andy Reinhardt
|
|
Batting: RHB Itsuo Yoshioka
|
0-0: Foul Ball, location: 2F 0-1: Ball 1-1: Foul Ball, location: 2F 1-2: Ball 2-2: Ball 3-2: Base on Balls
|
Batting: LHB Ryan Flynn Jr.
|
0-0: Ball 1-0: Fly out, F9 (Flyball, 89XD, EV 97.5 MPH) Runner from 1st tags up, SAFE at 2nd
|
Batting: LHB Aaron LeBlanc
|
0-0: Ball 1-0: Ball 2-0: SINGLE (Groundball, 34D, EV 104.4 MPH) Itsuo Yoshioka to third
|
Batting: RHB Jose Morrissey
|
0-0: Fly out, F9 (Line Drive, 9, EV 97.5 MPH) Runner from 3rd tags up, SCORES, throw by RF
|
Batting: SHB Steve Killion
|
0-0: Ball 1-0: Ball 2-0: Called Strike 2-1: Foul Ball, location: 2F 2-2: Foul Ball, location: 2F 2-2: Ball Aaron LeBlanc steals 2nd base (no throw) 3-2: SINGLE (Line Drive, 56D, EV 104.4 MPH) Aaron LeBlanc to third
|
Batting: RHB Rudolf Gommers
|
0-0: Ball 1-0: Called Strike 1-1: Swinging Strike 1-2: Strikes out looking
|
Top of the 1st over - 1 run, 2 hits, 0 errors, 2 left on base; El Paso 1 - Las Vegas 0 |
BOTTOM OF THE 1ST |
Las Vegas 51s batting - Pitching for El Paso Chihuahuas : LHP Brian Gregory
|
Pitching: LHP Brian Gregory
|
|
Batting: LHB Sal Fernandez
|
0-0: Bunted foul 0-1: Fly out, F8 (Flyball, 8LD, EV 86.2 MPH)
|
Batting: LHB Bill Armijo
|
0-0: Called Strike 0-1: Ball 1-1: Ground out U3 (Groundball, 3L, EV 84.4 MPH)
|
Batting: SHB Roberto Magne
|
0-0: Called Strike 0-1: Fly out, F9 (Flyball, 9D, EV 96.9 MPH)
|
Bottom of the 1st over - 0 runs, 0 hits, 0 errors, 0 left on base; El Paso 1 - Las Vegas 0 |
TOP OF THE 2ND |
El Paso Chihuahuas batting - Pitching for Las Vegas 51s : RHP Andy Reinhardt
|
Batting: LHB Luis Cruz
|
0-0: Fly out, F7 (Flyball, 7LM, EV 93.8 MPH)
|
Batting: RHB Oscar Fausto
|
0-0: Foul Ball, location: 2F 0-1: Ball 1-1: Foul Ball, location: 2F 1-2: Fly out, F5 (Popup, 56S, EV 70.0 MPH)
|
Batting: LHB Helmut Steggall
|
0-0: Foul Ball, location: 2F 0-1: Ball 1-1: Ball 2-1: Ball 3-1: Foul Ball, location: 2F 3-2: Base on Balls
|
Batting: RHB Itsuo Yoshioka
|
0-0: Foul Ball, location: 2F 0-1: SINGLE (Groundball, 6MD, EV 103.1 MPH) Helmut Steggall to second
|
Batting: LHB Ryan Flynn Jr.
|
0-0: Ball 1-0: Foul Ball, location: 2F 1-1: Foul Ball, location: 2F 1-2: Ground out U3 (Groundball, 3S, EV 81.2 MPH)
|
Top of the 2nd over - 0 runs, 1 hit, 0 errors, 2 left on base; El Paso 1 - Las Vegas 0 |
BOTTOM OF THE 2ND |
Las Vegas 51s batting - Pitching for El Paso Chihuahuas : LHP Brian Gregory
|
Batting: RHB Jordan Martin
|
0-0: Called Strike 0-1: SOLO HOME RUN (Line Drive, 7LD, EV 95.6 MPH), Distance : 346 ft
|
Batting: SHB Josh Schultze
|
0-0: DOUBLE (Flyball, 89XD, EV 96.9 MPH)
|
Batting: RHB Steven Romanovsky
|
0-0: Foul Ball, location: 2F 0-1: Swinging Strike 0-2: Ball 1-2: Ball 2-2: Ground out 6-3 (Groundball, 6, EV 84.4 MPH)
|
Batting: SHB Billy Encinias
|
0-0: Ball 1-0: Called Strike 1-1: Ball 2-1: Swinging Strike 2-2: Strikes out swinging
|
Batting: LHB Ben Goldstein
|
0-0: Foul Ball, location: 2F 0-1: Ground out 6-3 (Groundball, 6, EV 103.8 MPH)
|
Bottom of the 2nd over - 1 run, 2 hits, 0 errors, 1 left on base; El Paso 1 - Las Vegas 1 |
TOP OF THE 3RD |
El Paso Chihuahuas batting - Pitching for Las Vegas 51s : RHP Andy Reinhardt
|
Batting: LHB Aaron LeBlanc
|
0-0: Called Strike 0-1: DOUBLE (Line Drive, 9LS, EV 101.9 MPH)
|
Batting: RHB Jose Morrissey
|
0-0: Fly out, F8 (Flyball, 8LM, EV 88.8 MPH)
|
Batting: SHB Steve Killion
|
0-0: Foul Ball, location: 2F 0-1: Swinging Strike 0-2: Ball 1-2: Foul Ball, location: 2F 1-2: Ball 2-2: Strikes out swinging
|
Batting: RHB Rudolf Gommers
|
0-0: Called Strike 0-1: Swinging Strike 0-2: Strikes out looking
|
Top of the 3rd over - 0 runs, 1 hit, 0 errors, 1 left on base; El Paso 1 - Las Vegas 1 |
BOTTOM OF THE 3RD |
Las Vegas 51s batting - Pitching for El Paso Chihuahuas : LHP Brian Gregory
|
Batting: RHB Leon Edwards
|
0-0: Called Strike 0-1: Swinging Strike 0-2: Strikes out looking
|
Batting: LHB Sal Fernandez
|
0-0: Called Strike 0-1: Foul Ball, location: 2F 0-2: Ball 1-2: Fly out, F6 (Popup, 6MS, EV 78.1 MPH)
|
Batting: LHB Bill Armijo
|
0-0: Ball 1-0: Ball 2-0: DOUBLE (Line Drive, 78D, EV 109.4 MPH)
|
Batting: SHB Roberto Magne
|
0-0: DOUBLE (Line Drive, 8RXD, EV 101.2 MPH) Bill Armijo scores
|
Batting: RHB Jordan Martin
|
0-0: Called Strike 0-1: SINGLE (Groundball, 4MS, EV 70.0 MPH) (infield hit) Roberto Magne to third
|
Batting: SHB Josh Schultze
|
0-0: Called Strike 0-1: SINGLE (Line Drive, 8LM, EV 88.1 MPH) Roberto Magne scores Jordan Martin to second
|
Batting: RHB Steven Romanovsky
|
0-0: Called Strike 0-1: Swinging Strike 0-2: Foul Ball, location: 2F 0-2: Foul Ball, location: 2F 0-2: Foul Ball, location: 2F 0-2: Foul Ball, location: 2F 0-2: Foul Ball, location: 2F 0-2: Fly out, F8 (Flyball, 8RD, EV 96.9 MPH)
|
Bottom of the 3rd over - 2 runs, 4 hits, 0 errors, 2 left on base; El Paso 1 - Las Vegas 3 |
TOP OF THE 4TH |
El Paso Chihuahuas batting - Pitching for Las Vegas 51s : RHP Andy Reinhardt
|
Batting: LHB Luis Cruz
|
0-0: Ball 1-0: Foul Ball, location: 2F 1-1: Ball 2-1: Bunt missed! 2-2: Foul Ball, location: 2F 2-2: Foul Ball, location: 2F 2-2: Foul Ball, location: 2F 2-2: SINGLE (Line Drive, 6D, EV 97.5 MPH)
|
Batting: RHB Oscar Fausto
|
0-0: Ball 1-0: Called Strike 1-1: Ball 2-1: Ball 3-1: Base on Balls Luis Cruz to second
|
Batting: LHB Helmut Steggall
|
0-0: Ball 1-0: Swinging Strike 1-1: Fly out, F5 (Line Drive, 5, EV 62.5 MPH)
|
Batting: RHB Itsuo Yoshioka
|
0-0: Called Strike 0-1: Called Strike 0-2: Foul Ball, location: 2F 0-2: Foul Ball, location: 2F 0-2: Ball 1-2: Strikes out looking
|
Batting: LHB Ryan Flynn Jr.
|
0-0: Called Strike 0-1: Called Strike 0-2: Strikes out looking
|
Top of the 4th over - 0 runs, 1 hit, 0 errors, 2 left on base; El Paso 1 - Las Vegas 3 |
BOTTOM OF THE 4TH |
Las Vegas 51s batting - Pitching for El Paso Chihuahuas : LHP Brian Gregory
|
Batting: SHB Billy Encinias
|
0-0: Ball 1-0: Swinging Strike 1-1: Ground out 6-3 (Groundball, 6S, EV 65.6 MPH)
|
Batting: LHB Ben Goldstein
|
0-0: Called Strike 0-1: Ball 1-1: Ball 2-1: Foul Ball, location: 2F 2-2: Fly out, F4 (Flyball, 4D, EV 81.9 MPH)
|
Batting: RHB Leon Edwards
|
0-0: Called Strike 0-1: Called Strike 0-2: Ground out 4-3 (Groundball, 4, EV 83.1 MPH)
|
Bottom of the 4th over - 0 runs, 0 hits, 0 errors, 0 left on base; El Paso 1 - Las Vegas 3 |
TOP OF THE 5TH |
El Paso Chihuahuas batting - Pitching for Las Vegas 51s : RHP Andy Reinhardt
|
Batting: LHB Aaron LeBlanc
|
0-0: Single, Error in OF, E9, batter to second base (Groundball, 3D, EV 101.2 MPH)
|
Batting: RHB Jose Morrissey
|
0-0: Fly out, F8 (Flyball, 8LD, EV 90.0 MPH) Runner from 2nd tags up, OUT at 3rd! 8-5
|
Batting: SHB Steve Killion
|
0-0: Foul Ball, location: 2F 0-1: Ball 1-1: Foul Ball, location: 2F 1-2: Fly out, F4 (Line Drive, 4, EV 69.4 MPH)
|
Top of the 5th over - 0 runs, 1 hit, 1 error, 0 left on base; El Paso 1 - Las Vegas 3 |
BOTTOM OF THE 5TH |
Las Vegas 51s batting - Pitching for El Paso Chihuahuas : LHP Brian Gregory
|
Batting: LHB Sal Fernandez
|
0-0: Called Strike 0-1: Called Strike 0-2: Ball 1-2: Ball 2-2: Strikes out looking
|
Batting: LHB Bill Armijo
|
0-0: Swinging Strike 0-1: Ball 1-1: Ball 2-1: Foul Ball, location: 2F 2-2: Strikes out swinging
|
Batting: SHB Roberto Magne
|
0-0: Swinging Strike 0-1: Fly out, F8 (Flyball, 78XD, EV 107.5 MPH)
|
Bottom of the 5th over - 0 runs, 0 hits, 0 errors, 0 left on base; El Paso 1 - Las Vegas 3 |
TOP OF THE 6TH |
El Paso Chihuahuas batting - Pitching for Las Vegas 51s : RHP Andy Reinhardt
|
Batting: RHB Rudolf Gommers
|
0-0: Called Strike 0-1: Ball 1-1: Swinging Strike 1-2: Ball 2-2: Strikes out swinging
|
Batting: LHB Luis Cruz
|
0-0: Foul Ball, location: 2F 0-1: Ball 1-1: Called Strike 1-2: Foul Ball, location: 2F 1-2: Ball 2-2: Fly out, F9 (Flyball, 89M, EV 75.6 MPH)
|
Batting: RHB Oscar Fausto
|
0-0: Called Strike 0-1: Ball 1-1: Ball 2-1: Fly out, F4 (Popup, 3S, EV 77.5 MPH)
|
Top of the 6th over - 0 runs, 0 hits, 0 errors, 0 left on base; El Paso 1 - Las Vegas 3 |
BOTTOM OF THE 6TH |
Las Vegas 51s batting - Pitching for El Paso Chihuahuas : LHP Brian Gregory
|
Batting: RHB Jordan Martin
|
0-0: Called Strike 0-1: Foul Ball, location: 2F 0-2: SOLO HOME RUN (Flyball, 89XD, EV 100.0 MPH), Distance : 403 ft
|
Batting: SHB Josh Schultze
|
0-0: Ball 1-0: Called Strike 1-1: Swinging Strike 1-2: Strikes out looking
|
Batting: RHB Steven Romanovsky
|
0-0: Ball 1-0: Foul Ball, location: 2F 1-1: Foul Ball, location: 2F 1-2: Ball 2-2: Foul Ball, location: 2F 2-2: Fly out, F9 (Flyball, 9, EV 94.4 MPH)
|
Batting: SHB Billy Encinias
|
0-0: Ball 1-0: Called Strike 1-1: SINGLE (Groundball, 56, EV 106.9 MPH) (infield hit)
|
Batting: LHB Ben Goldstein
|
0-0: Called Strike Pickoff Throw to First - Error! E1 Billy Encinias to second 0-1: Ball 1-1: Called Strike 1-2: Ground out 2-3 (Groundball, 15S, EV 65.6 MPH)
|
Bottom of the 6th over - 1 run, 2 hits, 1 error, 1 left on base; El Paso 1 - Las Vegas 4 |
TOP OF THE 7TH |
El Paso Chihuahuas batting - Pitching for Las Vegas 51s : RHP Andy Reinhardt
|
Pitching: RHP Ian Daniels
|
|
Batting: LHB Helmut Steggall
|
0-0: Ball 1-0: Ball 2-0: Ball 3-0: Base on Balls
|
Batting: RHB Itsuo Yoshioka
|
0-0: Bunted foul 0-1: Sac Bunt to 2L - play at first, batter OUT! 2-4 Helmut Steggall to second
|
Batting: LHB Ryan Flynn Jr.
|
0-0: Ball 1-0: Ball 2-0: Foul Ball, location: 2F 2-1: Swinging Strike 2-2: Ball 3-2: Base on Balls
|
Batting: LHB Aaron LeBlanc
|
0-0: Grounds into double play, 4-6-3 (Groundball, 4, EV 82.5 MPH)
|
Top of the 7th over - 0 runs, 0 hits, 0 errors, 1 left on base; El Paso 1 - Las Vegas 4 |
BOTTOM OF THE 7TH |
Las Vegas 51s batting - Pitching for El Paso Chihuahuas : LHP Brian Gregory
|
Batting: RHB Leon Edwards
|
0-0: Ball 1-0: Ball 2-0: Ball 3-0: Called Strike 3-1: Ground out U3 (Groundball, 3, EV 94.4 MPH)
|
Batting: LHB Sal Fernandez
|
0-0: Ball 1-0: Fly out, F8 (Flyball, 8LD, EV 98.1 MPH)
|
Batting: LHB Bill Armijo
|
0-0: Ball 1-0: Ball 2-0: Fly out, F8 (Line Drive, 8RD, EV 103.8 MPH)
|
Bottom of the 7th over - 0 runs, 0 hits, 0 errors, 0 left on base; El Paso 1 - Las Vegas 4 |
TOP OF THE 8TH |
El Paso Chihuahuas batting - Pitching for Las Vegas 51s : RHP Ian Daniels
|
Batting: RHB Jose Morrissey
|
0-0: Ball 1-0: Ball 2-0: Ball 3-0: Base on Balls
|
Batting: SHB Steve Killion
|
0-0: Called Strike 0-1: Called Strike 0-2: Ball 1-2: Foul Ball, location: 2F 1-2: Grounds into double play, 4-6-3 (Groundball, 4, EV 85.0 MPH)
|
Batting: RHB Rudolf Gommers
|
0-0: Ball 1-0: Called Strike 1-1: Ball 2-1: Called Strike 2-2: Foul Ball, location: 2F 2-2: Fly out, F9 (Flyball, 9, EV 90.6 MPH)
|
Top of the 8th over - 0 runs, 0 hits, 0 errors, 0 left on base; El Paso 1 - Las Vegas 4 |
BOTTOM OF THE 8TH |
Las Vegas 51s batting - Pitching for El Paso Chihuahuas : LHP Brian Gregory
|
Pitching: RHP Warren Swan
|
|
Batting: SHB Roberto Magne
|
0-0: Called Strike 0-1: SINGLE (Groundball, 34S, EV 85.0 MPH) (infield hit)
|
Batting: RHB Jordan Martin
|
0-0: Ball 1-0: Called Strike 1-1: Called Strike 1-2: Strikes out swinging
|
Batting: SHB Josh Schultze
|
0-0: Ball 1-0: Called Strike 1-1: Fly out, F7 (Flyball, 7, EV 85.0 MPH)
|
Batting: RHB Steven Romanovsky
|
0-0: Called Strike 0-1: Ball 1-1: Ball 2-1: Ball 3-1: Base on Balls Roberto Magne to second
|
Batting: SHB Billy Encinias
|
0-0: Called Strike 0-1: Ball 1-1: Ball 2-1: Ball 3-1: Foul Ball, location: 2F 3-2: Base on Balls Roberto Magne to third Steven Romanovsky to second
|
Batting: LHB Ben Goldstein
|
0-0: SINGLE (Line Drive, 8RS, EV 87.5 MPH) Roberto Magne scores Steven Romanovsky to third Billy Encinias to second
|
Batting: RHB Leon Edwards
|
0-0: Foul Ball, location: 2F 0-1: Swinging Strike 0-2: SINGLE (Groundball, 4D, EV 103.1 MPH) Steven Romanovsky scores Billy Encinias to third Ben Goldstein to second Runner from 3rd tries for Home, SAFE, throw by CF to home
|
Pitching: RHP Parker French
|
|
Batting: LHB Sal Fernandez
|
0-0: Ball 1-0: Called Strike 1-1: Foul Ball, location: 2F 1-2: Strikes out swinging
|
Bottom of the 8th over - 3 runs, 3 hits, 0 errors, 2 left on base; El Paso 1 - Las Vegas 7 |
TOP OF THE 9TH |
El Paso Chihuahuas batting - Pitching for Las Vegas 51s : RHP Ian Daniels
|
Batting: LHB Luis Cruz
|
0-0: Ball 1-0: Ball 2-0: Ball 3-0: Base on Balls
|
Batting: RHB Oscar Fausto
|
0-0: Ball 1-0: Ball 2-0: Called Strike 2-1: Swinging Strike 2-2: Foul Ball, location: 2F 2-2: Strikes out looking
|
Batting: LHB Helmut Steggall
|
0-0: Ball 1-0: Ball 2-0: Called Strike 2-1: Swinging Strike 2-2: Strikes out looking
|
Batting: RHB Itsuo Yoshioka
|
0-0: Called Strike 0-1: Ball 1-1: Foul Ball, location: 2F 1-2: Strikes out looking
|
Top of the 9th over - 0 runs, 0 hits, 0 errors, 1 left on base; El Paso 1 - Las Vegas 7 |
|